| TOP OF THE 1ST |
|
Akron RubberDucks batting - Pitching for Corpus Christi Hooks : RHP Jorge Aguilar
|
|
Pitching: RHP Jorge Aguilar
|
|
|
Batting: LHB Stu Sornson
|
0-0: Ball 1-0: Foul Ball, location: 2F 1-1: Ball 2-1: SOLO HOME RUN (Flyball, 89XD, EV 101.2 MPH), Distance : 395 ft
|
|
Batting: RHB Mitch Boyd
|
0-0: Ball 1-0: Called Strike 1-1: Ball 2-1: Ball 3-1: Base on Balls
|
|
Batting: RHB Tristan Wright
|
0-0: Called Strike Mitch Boyd is caught stealing 2nd base 2-4 0-1: Swinging Strike 0-2: Ball 1-2: Strikes out swinging
|
|
Batting: LHB Costodio Varino
|
0-0: Ball 1-0: Foul Ball, location: 2F 1-1: Swinging Strike 1-2: Ball 2-2: Strikes out swinging
|
| Top of the 1st over - 1 run, 1 hit, 0 errors, 0 left on base; Akron 1 - Corpus Christi 0 |
| BOTTOM OF THE 1ST |
|
Corpus Christi Hooks batting - Pitching for Akron RubberDucks : LHP Zach Masengill
|
|
Pitching: LHP Zach Masengill
|
|
|
Batting: RHB Xavier Castaneda
|
0-0: Called Strike 0-1: Ball 1-1: Foul Ball, location: 2F 1-2: Strikes out looking
|
|
Batting: LHB Glenn Lowther
|
0-0: Ground out 4-3 (Groundball, 4, EV 96.9 MPH)
|
|
Batting: RHB Duncan Collins
|
0-0: Ball 1-0: Called Strike 1-1: Ball 2-1: Called Strike 2-2: Strikes out looking
|
| Bottom of the 1st over - 0 runs, 0 hits, 0 errors, 0 left on base; Akron 1 - Corpus Christi 0 |
| TOP OF THE 2ND |
|
Akron RubberDucks batting - Pitching for Corpus Christi Hooks : RHP Jorge Aguilar
|
|
Batting: SHB Jarrod Lindblad
|
0-0: Called Strike 0-1: Called Strike 0-2: Foul Ball, location: 2F 0-2: SOLO HOME RUN (Flyball, 89XD, EV 98.8 MPH), Distance : 393 ft
|
|
Batting: RHB Adam McMillen
|
0-0: Ball 1-0: Called Strike 1-1: Ball 2-1: SINGLE (Line Drive, 78S, EV 96.9 MPH)
|
|
Batting: RHB Chris Diaz
|
0-0: Called Strike Adam McMillen steals 2nd base (no throw) 0-1: Ground out 4-3 (Groundball, 4, EV 103.1 MPH) Adam McMillen to third
|
|
Batting: RHB Anibal Casteles
|
0-0: Called Strike 0-1: Ball 1-1: Swinging Strike 1-2: Foul Ball, location: 2F 1-2: Ground out 5-3 (Groundball, 56, EV 103.1 MPH) Adam McMillen scores
|
|
Batting: RHB Kenzo Shinoda
|
0-0: Ball 1-0: Foul Ball, location: 2F 1-1: Swinging Strike 1-2: Ball 2-2: Strikes out swinging
|
| Top of the 2nd over - 2 runs, 2 hits, 0 errors, 0 left on base; Akron 3 - Corpus Christi 0 |
| BOTTOM OF THE 2ND |
|
Corpus Christi Hooks batting - Pitching for Akron RubberDucks : LHP Zach Masengill
|
|
Batting: RHB Alex Campos
|
0-0: Ball 1-0: SOLO HOME RUN (Flyball, 78XD, EV 100.0 MPH), Distance : 395 ft
|
|
Batting: RHB Pat McCoy
|
0-0: Foul Ball, location: 2F 0-1: Foul Ball, location: 2F 0-2: Foul Ball, location: 2F 0-2: Ball 1-2: Fly out, F8 (Flyball, 8RXD, EV 73.8 MPH)
|
|
Batting: RHB Edgar Trejo
|
0-0: Ball 1-0: Foul Ball, location: 2F 1-1: Swinging Strike 1-2: Ball 2-2: Strikes out swinging
|
|
Batting: RHB Sean Mounts
|
0-0: Called Strike 0-1: Ground out 5-3 (Groundball, 56, EV 90.6 MPH)
|
| Bottom of the 2nd over - 1 run, 1 hit, 0 errors, 0 left on base; Akron 3 - Corpus Christi 1 |
| TOP OF THE 3RD |
|
Akron RubberDucks batting - Pitching for Corpus Christi Hooks : RHP Jorge Aguilar
|
|
Batting: LHB Stu Sornson
|
0-0: Swinging Strike 0-1: Swinging Strike 0-2: Ball 1-2: SOLO HOME RUN (Flyball, 78XD, EV 98.8 MPH), Distance : 393 ft
|
|
Batting: RHB Mitch Boyd
|
0-0: Fly out, F8 (Flyball, 8LM, EV 87.5 MPH)
|
|
Batting: RHB Tristan Wright
|
0-0: Ball 1-0: Foul Ball, location: 2F 1-1: Ball 2-1: Fly out, F8 (Flyball, 8LD, EV 103.1 MPH)
|
|
Batting: LHB Costodio Varino
|
0-0: Foul Ball, location: 2F 0-1: Ball 1-1: Swinging Strike 1-2: Strikes out looking
|
| Top of the 3rd over - 1 run, 1 hit, 0 errors, 0 left on base; Akron 4 - Corpus Christi 1 |
| BOTTOM OF THE 3RD |
|
Corpus Christi Hooks batting - Pitching for Akron RubberDucks : LHP Zach Masengill
|
|
Batting: RHB Kieron Clark
|
0-0: DOUBLE (Groundball, 5L, EV 106.9 MPH)
|
|
Batting: RHB Oren Jones
|
0-0: Called Strike 0-1: Swinging Strike 0-2: Ball 1-2: Ball 2-2: Strikes out swinging
|
|
Batting: RHB Xavier Castaneda
|
0-0: Called Strike 0-1: Ball 1-1: Swinging Strike 1-2: Strikes out swinging
|
|
Batting: LHB Glenn Lowther
|
0-0: Ball 1-0: Ball 2-0: Ball 3-0: Called Strike 3-1: Foul Ball, location: 2F 3-2: Ground out 4-3 (Groundball, 4, EV 88.1 MPH)
|
| Bottom of the 3rd over - 0 runs, 1 hit, 0 errors, 1 left on base; Akron 4 - Corpus Christi 1 |
| TOP OF THE 4TH |
|
Akron RubberDucks batting - Pitching for Corpus Christi Hooks : RHP Jorge Aguilar
|
|
Batting: SHB Jarrod Lindblad
|
0-0: Ball 1-0: Called Strike 1-1: TRIPLE (Line Drive, 89XD, EV 105.0 MPH)
|
|
Batting: RHB Adam McMillen
|
0-0: Called Strike 0-1: Ball 1-1: Foul Ball, location: 2F 1-2: Foul Ball, location: 2F 1-2: Foul Ball, location: 2F 1-2: Strikes out swinging
|
|
Batting: RHB Chris Diaz
|
0-0: Foul Ball, location: 2F 0-1: Ball 1-1: Foul Ball, location: 2F 1-2: SINGLE (Line Drive, 4M, EV 97.5 MPH) Jarrod Lindblad scores
|
|
Pitching: RHP Jayson Campbell
|
|
|
Batting: RHB Anibal Casteles
|
0-0: Called Strike Chris Diaz steals 2nd base 0-1: Ball 1-1: Ball 2-1: Fly out, F7 (Flyball, 7LS, EV 86.9 MPH)
|
|
Batting: RHB Kenzo Shinoda
|
0-0: Ball 1-0: Called Strike 1-1: Ball 2-1: Swinging Strike 2-2: Strikes out swinging
|
| Top of the 4th over - 1 run, 2 hits, 0 errors, 1 left on base; Akron 5 - Corpus Christi 1 |
| BOTTOM OF THE 4TH |
|
Corpus Christi Hooks batting - Pitching for Akron RubberDucks : LHP Zach Masengill
|
|
Batting: RHB Duncan Collins
|
0-0: Ball 1-0: Ball 2-0: Ground out 6-3 (Groundball, 6, EV 77.5 MPH)
|
|
Batting: RHB Alex Campos
|
0-0: Called Strike 0-1: Called Strike 0-2: Ground out 3-1 (Groundball, 34, EV 87.5 MPH)
|
|
Batting: RHB Pat McCoy
|
0-0: Called Strike 0-1: Swinging Strike 0-2: Strikes out swinging
|
| Bottom of the 4th over - 0 runs, 0 hits, 0 errors, 0 left on base; Akron 5 - Corpus Christi 1 |
| TOP OF THE 5TH |
|
Akron RubberDucks batting - Pitching for Corpus Christi Hooks : RHP Jayson Campbell
|
|
Batting: LHB Stu Sornson
|
0-0: Fly out, F8 (Flyball, 8RM, EV 87.5 MPH)
|
|
Batting: RHB Mitch Boyd
|
0-0: Ball 1-0: Ball 2-0: Ground out 5-3 (Groundball, 5, EV 90.6 MPH)
|
|
Batting: RHB Tristan Wright
|
0-0: Called Strike 0-1: Foul Ball, location: 2F 0-2: Ball 1-2: SOLO HOME RUN (Flyball, 7D, EV 93.8 MPH), Distance : 359 ft
|
|
Batting: LHB Costodio Varino
|
0-0: Ground out 4-3 (Groundball, 13, EV 88.1 MPH)
|
| Top of the 5th over - 1 run, 1 hit, 0 errors, 0 left on base; Akron 6 - Corpus Christi 1 |
| BOTTOM OF THE 5TH |
|
Corpus Christi Hooks batting - Pitching for Akron RubberDucks : LHP Zach Masengill
|
|
Batting: RHB Edgar Trejo
|
0-0: Ball 1-0: Ground out 6-3 (Groundball, 6, EV 90.6 MPH)
|
|
Batting: RHB Sean Mounts
|
0-0: Ball 1-0: Foul Ball, location: 2F 1-1: Ball 2-1: Swinging Strike 2-2: Ground out 1-3 (Groundball, 15, EV 66.9 MPH)
|
|
Batting: RHB Kieron Clark
|
0-0: Called Strike 0-1: Ball 1-1: Ball 2-1: Ball 3-1: Foul Ball, location: 2F 3-2: Ground out 5-3 (Groundball, 56S, EV 82.5 MPH)
|
| Bottom of the 5th over - 0 runs, 0 hits, 0 errors, 0 left on base; Akron 6 - Corpus Christi 1 |
| TOP OF THE 6TH |
|
Akron RubberDucks batting - Pitching for Corpus Christi Hooks : RHP Jayson Campbell
|
|
Batting: SHB Jarrod Lindblad
|
0-0: Called Strike 0-1: Called Strike 0-2: Ball 1-2: Ground out 4-3 (Groundball, 4S, EV 63.1 MPH)
|
|
Batting: RHB Adam McMillen
|
0-0: Ground out 4-3 (Groundball, 4, EV 77.5 MPH)
|
|
Batting: RHB Chris Diaz
|
0-0: Ball 1-0: Ball 2-0: Foul Ball, location: 2F 2-1: Swinging Strike 2-2: SINGLE (Line Drive, 8RS, EV 92.5 MPH)
|
|
Batting: RHB Anibal Casteles
|
0-0: Ball 1-0: Called Strike 1-1: Ball 2-1: Ground out 6-3 (Groundball, 6S, EV 64.4 MPH)
|
| Top of the 6th over - 0 runs, 1 hit, 0 errors, 1 left on base; Akron 6 - Corpus Christi 1 |
| BOTTOM OF THE 6TH |
|
Corpus Christi Hooks batting - Pitching for Akron RubberDucks : LHP Zach Masengill
|
|
Batting: RHB Oren Jones
|
0-0: Ground out 6-3 (Groundball, 6, EV 78.8 MPH)
|
|
Batting: RHB Xavier Castaneda
|
0-0: Ground out 5-3 (Groundball, 56S, EV 65.0 MPH)
|
|
Batting: LHB Glenn Lowther
|
0-0: Called Strike 0-1: Ground out 5-3 (Groundball, 56, EV 88.8 MPH)
|
| Bottom of the 6th over - 0 runs, 0 hits, 0 errors, 0 left on base; Akron 6 - Corpus Christi 1 |
| TOP OF THE 7TH |
|
Akron RubberDucks batting - Pitching for Corpus Christi Hooks : RHP Jayson Campbell
|
|
Batting: RHB Kenzo Shinoda
|
0-0: Ground out 6-3 (Groundball, 6S, EV 84.4 MPH)
|
|
Batting: LHB Stu Sornson
|
0-0: Called Strike 0-1: Called Strike 0-2: Strikes out swinging, 2-3 out at first.
|
|
Batting: RHB Mitch Boyd
|
0-0: Swinging Strike 0-1: Swinging Strike 0-2: Strikes out swinging
|
| Top of the 7th over - 0 runs, 0 hits, 0 errors, 0 left on base; Akron 6 - Corpus Christi 1 |
| BOTTOM OF THE 7TH |
|
Corpus Christi Hooks batting - Pitching for Akron RubberDucks : LHP Zach Masengill
|
|
Now at 2B: Javon Mitchell
|
|
|
Batting: RHB Duncan Collins
|
0-0: SOLO HOME RUN (Flyball, 7D, EV 98.1 MPH), Distance : 380 ft
|
|
Batting: RHB Alex Campos
|
0-0: Ball 1-0: Foul Ball, location: 2F 1-1: Foul Ball, location: 2F 1-2: Strikes out swinging
|
|
Batting: RHB Pat McCoy
|
0-0: Swinging Strike 0-1: Foul Ball, location: 2F 0-2: Ball 1-2: SINGLE (Line Drive, 6D, EV 95.0 MPH)
|
|
Batting: RHB Edgar Trejo
|
0-0: SINGLE (Groundball, 56D, EV 96.9 MPH) Pat McCoy to second
|
|
Batting: RHB Sean Mounts
|
0-0: Foul Ball, location: 2F 0-1: Grounds into double play, 6-4-3 (Groundball, 6D, EV 104.4 MPH)
|
| Bottom of the 7th over - 1 run, 3 hits, 0 errors, 1 left on base; Akron 6 - Corpus Christi 2 |
| TOP OF THE 8TH |
|
Akron RubberDucks batting - Pitching for Corpus Christi Hooks : RHP Jayson Campbell
|
|
Pitching: LHP Blaine Whitmore
|
|
|
Batting: RHB Tristan Wright
|
0-0: Ball 1-0: Foul Ball, location: 2F 1-1: SINGLE (Line Drive, 7S, EV 87.5 MPH)
|
|
Batting: LHB Costodio Varino
|
0-0: Ball 1-0: Ball Tristan Wright steals 2nd base (no throw) 2-0: Fly out, F5 (Popup, 5SF, EV 77.5 MPH)
|
|
Batting: SHB Jarrod Lindblad
|
0-0: Ball 1-0: Ball 2-0: Ball 3-0: Foul Ball, location: 2F 3-1: Fly out, F7 (Flyball, 7LM, EV 91.9 MPH)
|
|
Batting: RHB Adam McMillen
|
0-0: Ball 1-0: Ball 2-0: Called Strike 2-1: Called Strike 2-2: Ball 3-2: Foul Ball, location: 2F 3-2: Strikes out swinging
|
| Top of the 8th over - 0 runs, 1 hit, 0 errors, 1 left on base; Akron 6 - Corpus Christi 2 |
| BOTTOM OF THE 8TH |
|
Corpus Christi Hooks batting - Pitching for Akron RubberDucks : LHP Zach Masengill
|
|
Batting: RHB Kieron Clark
|
0-0: Ball 1-0: Called Strike 1-1: Called Strike 1-2: SINGLE (Groundball, 5S, EV 75.0 MPH) (infield hit)
|
|
Batting: RHB Oren Jones
|
0-0: Ball 1-0: Foul Ball, location: 2F 1-1: Ball 2-1: Fielders Choice at 2nd, 6-4 (Groundball, 6D, EV 86.9 MPH)
|
|
Batting: RHB Xavier Castaneda
|
0-0: Ball 1-0: Ball 2-0: Foul Ball, location: 2F 2-1: Ball 3-1: Fly out, F7 (Line Drive, 78M, EV 108.8 MPH)
|
|
Batting: LHB Glenn Lowther
|
0-0: Foul Ball, location: 2F 0-1: Ground out 6-3 (Groundball, 6S, EV 70.6 MPH)
|
| Bottom of the 8th over - 0 runs, 1 hit, 0 errors, 1 left on base; Akron 6 - Corpus Christi 2 |
| TOP OF THE 9TH |
|
Akron RubberDucks batting - Pitching for Corpus Christi Hooks : LHP Blaine Whitmore
|
|
Batting: RHB Chris Diaz
|
0-0: SINGLE (Line Drive, 3D, EV 98.8 MPH)
|
|
Batting: RHB Anibal Casteles
|
0-0: Ball 1-0: Sac Bunt to 25 - play at first, batter OUT! 5-3 Chris Diaz to second
|
|
Batting: RHB Kenzo Shinoda
|
0-0: Ball 1-0: Ball 2-0: Foul Ball, location: 2F 2-1: Foul Ball, location: 2F 2-2: SINGLE (Groundball, 25, EV 75.0 MPH) (infield hit) Chris Diaz to third
|
|
Batting: LHB Stu Sornson
|
0-0: Ball Kenzo Shinoda is caught stealing 2nd base 2-6 1-0: Ball 2-0: Called Strike 2-1: Foul Ball, location: 2F 2-2: Ball 3-2: Fly out, F7 (Line Drive, 78M, EV 86.9 MPH)
|
| Top of the 9th over - 0 runs, 2 hits, 0 errors, 1 left on base; Akron 6 - Corpus Christi 2 |
| BOTTOM OF THE 9TH |
|
Corpus Christi Hooks batting - Pitching for Akron RubberDucks : LHP Zach Masengill
|
|
Batting: RHB Duncan Collins
|
0-0: Called Strike 0-1: Swinging Strike 0-2: Fly out, F9 (Flyball, 89D, EV 110.6 MPH)
|
|
Batting: RHB Alex Campos
|
0-0: Called Strike 0-1: Ball 1-1: Fly out, F8 (Flyball, 8RM, EV 79.4 MPH)
|
|
Batting: RHB Pat McCoy
|
0-0: Ball 1-0: Ground out 6-3 (Groundball, 6, EV 83.8 MPH)
|
| Bottom of the 9th over - 0 runs, 0 hits, 0 errors, 0 left on base; Akron 6 - Corpus Christi 2 |
|